 Dungeon Crawl Stone Soup version 0.27.0-1-g7a089689b8 (webtiles) character file.

Game seed: 2830293751757485933

28 nicksoapdish the Scratcher (level 3, 0/15 HPs)
             Began as a Felid Transmuter on Aug 3, 2021.
             Slain by a ball python (1 damage)
             ... on level 1 of the Dungeon.
             The game lasted 00:03:46 (1085 turns).

nicksoapdish the Scratcher (Felid Transmuter)       Turns: 1085, Time: 00:03:47

Health: 0/15       AC:  1    Str:  6    XL:     3   Next: 0%
Magic:  5/7        EV: 14    Int: 15    God:
Gold:   22         SH:  0    Dex: 16    Spells: 5/6 levels left
                                        Lives:  0   Deaths: 0

rFire    . . .     SeeInvis +     - Unarmed
rCold    . . .     Faith    .   (shield unavailable)
rNeg     . . .     Spirit   .   (armour unavailable)
rPois    .         Reflect  .   (helmet unavailable)
rElec    .         Harm     .   (cloak unavailable)
rCorr    .         Rampage  .   (gloves unavailable)
Will     .....                  (boots unavailable)
Stlth    ++........             (no amulet)
HPRegen  0.05/turn              (no ring)
MPRegen  0.10/turn              (no ring)

@: appendages, constricted, quick
A: horns 2, very small, claws 1, fangs 3, see invisible, speed 1, shaggy fur 1,
stealthy paws, no weapons or thrown items, no armour, multi-lived
a: End Transformation


You were on level 1 of the Dungeon.
You had temporarily grown beastly horns.
You visited 1 branch of the dungeon, and saw 1 of its levels.

You collected 22 gold pieces.

You aren't carrying anything.


   Skills:
 + Level 1.0 Fighting
 + Level 3.1 Dodging
 * Level 2.0 Stealth
 + Level 3.3 Unarmed Combat
 + Level 2.1 Spellcasting
 + Level 2.5 Transmutations


You had 5 spell levels left.
You knew the following spells:

 Your Spells              Type           Power      Damage    Failure   Level
a - Beastly Appendage     Tmut           18%        N/A       8%          1

Your spell library contained the following spells:

 Spells                   Type           Power      Damage    Failure   Level
 Wereblood                Tmut           9%         N/A       12%         2
 Spider Form              Tmut/Pois      2%         N/A       36%         3
 Ice Form                 Ice/Tmut       5%         N/A       78%         4


Dungeon Overview and Level Annotations

Branches:
Dungeon (1/15)

Altars:

Shops:
D:1 !


Innate Abilities, Weirdness & Mutations

You have temporarily grown beastly horns.
You have sharp claws.
You have razor-sharp teeth.
You have supernaturally acute eyesight. (SInv)
You cover ground quickly. (Speed+)
You are covered in fur. (AC +1)
Your paws help you pounce on unaware monsters.
You are incapable of wielding weapons or throwing items.
You cannot wear armour.
You gain extra lives every three experience levels.


Message History

You kill the goblin!
Things that are here:
a +0 dagger; a ball python corpse; a hobgoblin corpse A ball python is nearby!
You barely miss the ball python. Your headbutt misses the ball python.
You bite the ball python.
You kill the ball python!
Your Stealth skill increases to level 2!
You have reached level 3!
Your experience leads to an increase in your attributes!
Increase (S)trength, (I)ntelligence, or (D)exterity?
You feel clever.
This spell is potentially lethal to cast!
Memorise Spider Form, consuming 3 spell levels and leaving 2?
You start memorising the spell.
You continue memorising. x2
Your horns disappear.
You continue memorising.
The ball python bites you.
Your memorisation is interrupted.
The ball python barely misses you.
You closely miss the ball python. The ball python misses you.
The ball python closely misses you.
You barely miss the ball python. The ball python bites you.
The ball python grabs you. The ball python constricts you.
Casting: Beastly Appendage (safe; 8% risk of failure)
Confirm with . or Enter, or press ? or * to list all spells.
You grow a pair of large bovine horns.
A goblin comes into view. It is wielding a +0 club.
The ball python bites you.
* * * LOW HITPOINT WARNING * * *
The ball python constricts you.
The goblin shouts!
You scratch the ball python. Your headbutt misses the ball python.
The ball python is heavily wounded.
The ball python barely misses you.
* * * LOW HITPOINT WARNING * * *
The ball python constricts you.
You scratch the ball python.
The ball python is severely wounded.
The ball python closely misses you.
You die...

#### #..## ####### #...##
#....S?########...#####
............# ##.....(.
S...........# ##.#....
g.Sg........# #......
#########S....### ##.....
........@.....>.# #.....
#########>....#.## #.....
#########.....#..###.....
.......†.................
#########.....##.####....
#####.##.###.....
#.##...#.....
#..###.#.....
#...#######..


You could see a ball python.

Vanquished Creatures
  3 ball pythons (D:1)
  4 bats (D:1)
  3 endoplasms (D:1)
  A giant cockroach (D:1)
  3 goblins (D:1)
  3 hobgoblins (D:1)
  3 jackals (D:1)
  2 frilled lizards (D:1)
  A kobold (D:1)
  A rat (D:1)
24 creatures vanquished.

Notes
Turn   | Place    | Note
-------+----------+-------------------------------------------
     0 | D:1      | nicksoapdish the Felid Transmuter began the quest for the
                  | Orb.
     0 | D:1      | Reached XP level 1. HP: 9/9 MP: 4/4
   374 | D:1      | Found Jeinu's Distillery.
   514 | D:1      | Reached XP level 2. HP: 12/12 MP: 4/6
   518 | D:1      | Reached skill level 1 in Stealth
  1077 | D:1      | Reached XP level 3. HP: 11/15 MP: 5/7
  1085 | D:1      | Slain by a ball python

Illustrated notes

Levels and vault maps discovered:
D:1:      dpeg_arrival_simpleton_b, layout_rooms, serial_shops,
          nicolae_square_shop, serial_park_tiny_pond

Skill      XL: |  1  2 |
---------------+-------+-----
Stealth        | 2 |  2.0
Dodging        | 3 |  3.1
Fighting       | |  1.0
Unarmed Combat | |  3.3
Spellcasting   | |  2.1
Transmutations | |  2.5

Action                   || total
-------------------------++-------
Melee: Unarmed           ||    73
       Bite              ||     7
       Headbutt          ||     5
 Cast: Beastly Appendage ||    13
Armor: Skin              ||     3
Dodge: Dodged            ||    35
